 Dungeon Crawl Stone Soup version 0.28-a0-1167-g616b1c6417 (webtiles) character file.

Game seed: 14946365774705819075

11279 Ijustatesigmund the Fighter (level 11, -6/72 HPs)
             Began as a Gargoyle Fighter on Dec 16, 2021.
             Was a Believer of Kikubaaqudgha.
             Mangled by a wyvern (13 damage)
             ... on level 11 of the Dungeon.
             The game lasted 00:31:22 (14178 turns).

Ijustatesigmund the Fighter (Gargoyle Fighter)     Turns: 14178, Time: 00:31:23

Health: -6/72      AC: 33    Str: 27    XL:     11   Next: 75%
Magic:  10/13      EV:  9    Int: 12    God:    Kikubaaqudgha [**....]
Gold:   1191       SH:  4    Dex:  9    Spells: 4/10 levels left

rFire   . . .      SeeInvis .   C - +0 flail (protect)
rCold   . . .      Faith    .   c - +0 buckler
rNeg    + . .      Spirit   .   b - +0 chain mail
rPois   ∞          Reflect  .   (no helmet)
rElec   +          Harm     .   l - +0 cloak
rCorr   .          Rampage  .   z - +2 pair of gloves
Will    .....                   G - +1 pair of boots
Stlth   ..........              (no amulet)
HPRegen 0.22/turn               n - ring of wizardry
MPRegen 0.13/turn               h - +6 ring of strength

@: under a protective aura
A: sickness immunity, AC +8, negative energy resistance 1, electricity
resistance, torment resistance 1, petrification resistance
a: Renounce Religion, Receive Corpses


You were on level 11 of the Dungeon.
You worshipped Kikubaaqudgha.
Kikubaaqudgha was pleased with you.
You visited 2 branches of the dungeon, and saw 12 of its levels.
You also visited: Sewer.

You collected 1299 gold pieces.
You spent 108 gold pieces at shops.

Inventory:

Hand Weapons
 a - a +0 flail of venom
 s - a +0 morningstar
 C - a +0 flail of protection (weapon)
Missiles
 i - 6 javelins (quivered)
 F - 2 throwing nets
Armour
 b - a +0 chain mail (worn)
 c - a +0 buckler (worn)
 l - a +0 cloak (worn)
 z - a +2 pair of gloves (worn)
 G - a +1 pair of boots (worn)
Jewellery
 e - a +6 ring of intelligence
 f - a ring of positive energy
 h - a +6 ring of strength (right hand)
 n - a ring of wizardry (left hand)
 r - a ring of wizardry
 x - an amulet of magic regeneration
 I - an amulet of regeneration
Wands
 A - a wand of paralysis (7)
Scrolls
 j - a scroll of amnesia
 m - 2 scrolls of teleportation
 p - a scroll of fear
 v - 2 scrolls of fog
 E - 2 scrolls of magic mapping {unknown}
Potions
 g - 2 potions of brilliance
 o - a potion of lignification
 q - a potion of curing
 t - 2 potions of flight {unknown}
 u - a potion of mutation {unknown}
 w - a potion of invisibility {unknown}
 B - a potion of ambrosia
 D - a potion of attraction {unknown}
 H - a potion of haste {unknown}


   Skills:
 - Level 10.2 Fighting
 - Level 4.5(7.1) Axes
 + Level 9.3(9.9) Maces & Flails
 - Level 8.4 Armour
 + Level 2.6 Dodging
 + Level 5.0 Shields
 + Level 5.1 Necromancy
 + Level 2.5 Earth Magic
 - Level 3.7 Invocations
 - Level 3.6 Evocations


You had 4 spell levels left.
You knew the following spells:

 Your Spells              Type           Power      Damage    Failure   Level
a - Animate Skeleton      Necr           24%        N/A       9%          1
b - Borgnjor's Vile Clut  Necr/Erth      4%         N/A       97%         5

Your spell library contained the following spells:

 Spells                   Type           Power      Damage    Failure   Level
 Pain                     Necr           48%        1d6       9%          1
 Vampiric Draining        Necr           12%        2d6       24%         3
 Corpse Rot               Necr/Air       12%        N/A       32%         2
 Apportation              Tloc           0%         N/A       52%         1
 Animate Dead             Necr           6%         N/A       58%         4
 Petrify                  Tmut/Erth      3%         N/A       97%         4
 Fulminant Prism          Conj/Hex       0%         3d6       99%         4
 Iskenderun's Mystic Bla  Conj/Tloc      0%         2d3       99%         4
 Lee's Rapid Deconstruct  Erth           3%         3d6*      99%         5
 Alistair's Intoxication  Tmut/Pois      0%         N/A       100%        5
 Irradiate                Conj/Tmut      0%         3d14      100%        5
 Death Channel            Necr           6%         N/A       100%        6
 Sublimation of Blood     Necr           Unusable   N/A       N/A         2

Dungeon Overview and Level Annotations

Branches:
Dungeon (11/15)            Temple (1/1) D:6            Lair (0/6) D:10
  Sewer (visited)
    Orc: D:9-12

Altars:
Ashenzari
Cheibriados
Dithmenos
Elyvilon
Fedhas
Gozag
Hepliaklqana
Kikubaaqudgha
Makhleb
Nemelex Xobeh
Okawaru
Qazlal
Ru
Sif Muna
Trog
Uskayaw
Vehumet
Wu Jian
Xom
Yredelemnul
Zin
The Shining One

Shops:
D:4 *

Annotations:
D:9 1 runed translucent door, Stonecrops's ghost, novice DsGl


Innate Abilities, Weirdness & Mutations

You are immune to sickness and miasma.
Your stone body is resilient. (AC +8)
You are immune to poison.
You resist negative energy. (rN+)
You are resistant to electric shocks. (rElec)
You are resistant to unholy torment.
You are immune to petrification.


Message History

The skeletal warrior is heavily damaged.
You hit the skeletal warrior.
The skeletal warrior is heavily damaged.
The skeletal warrior hits you with a +0 mace!
* * * LOW HITPOINT WARNING * * *
You barely miss the skeletal warrior.
The skeletal warrior is heavily damaged.
The skeletal warrior hits you with a +0 mace!
* * * LOW HITPOINT WARNING * * *
You sock the skeletal warrior!
The skeletal warrior is severely damaged.
The skeletal warrior hits you but does no damage.
Blink to where?
Press: ? - help, Dir - move target
As you read the scroll labelled SEZOZY SAYTE, it crumbles to dust.
It was a scroll of blinking.
Kikubaaqudgha delivers you corpses!
Casting: Animate Skeleton (safe; 9% risk of failure)
Confirm with . or Enter, or press ? or * to list all spells.
You attempt to give life to the dead...
Before your eyes, flesh is ripped from the corpse!
The dead are walking!
The wyvern bites your orc skeleton!
Your orc skeleton is destroyed!
You see here a goblin corpse.
You feel a little less mighty now. The wyvern misses you.
The wyvern bites you but does no damage.
You hit the wyvern but do no damage.
Your weapon exudes an aura of protection.
You block the wyvern's attack.
You closely miss the wyvern.
The wyvern bites you but does no damage. x2
You thump the wyvern!
The wyvern is severely wounded.
The wyvern bites you but does no damage.
You hit the wyvern.
The wyvern is severely wounded.
The wyvern bites you!
You die...
Kikubaaqudgha rasps: "You have failed me!
Welcome... oblivion!"

#.# #.# #.# .. ###.#####
#.# #.......# ## #.#
#.#.###.# ##.##.#
#.#.##..#
###...#.#####.#.....####
.........zl@...........+
#.......###.###..<####
#.....†...#.......#
#.###(###)#######.# #
#.# #.# #.# #.###.###)#
#.# #.......OT# #.#
#####.##### #.. #.# ###


You could see a skeletal warrior and a wyvern.

Vanquished Creatures
  2 skeletal warriors (D:11)
  An ugly thing (D:10)
  Maggie (D:8)
  A kobold demonologist (D:9)
  A komodo dragon (D:7)
  A troll (D:11)
  A hornet (D:8)
  Prince Ribbit (D:5)
  A shadow (D:9)
  16 yaks
  3 wyverns
  A steam dragon (D:7)
  5 water moccasins
  3 black bears
  2 sky beasts
  5 orc warriors
  2 ice beasts
  A necrophage (D:5)
  2 ogres (D:6)
  3 centaurs
  4 phantoms
  A kobold brigand (D:9)
  3 bullfrogs
  3 gnoll sergeants
  2 scorpions
  A wyvern zombie (D:6)
  8 killer bees
  4 wights
  2 howler monkeys
  A lava snake (D:10)
  A bullfrog zombie (D:7)
  A centaur zombie (D:5)
  2 hounds
  2 orc priests
  3 centaur skeletons (D:7)
  11 orc wizards
  4 iguanas
  2 hound skeletons (D:4)
  17 gnolls
  A howler monkey zombie (D:8)
  4 adders
  A howler monkey skeleton (D:6)
  A river rat (D:3)
  A white imp (D:6)
  2 ufetubi
  An adder skeleton (D:4)
  4 worms
  3 dart slugs
  35 orcs
  18 ball pythons
  6 bats
  17 endoplasms
  16 giant cockroaches
  7 goblins
  8 hobgoblins
  3 jackals (D:2)
  10 kobolds
  18 quokkas
  16 frilled lizards
  8 rats
305 creatures vanquished.

Vanquished Creatures (collateral kills)
  A skeletal warrior (D:11)
1 creature vanquished.

Vanquished Creatures (others)
  An ufetubus (D:7)
  3 fungi (D:10)
  9 plants (D:10)
13 creatures vanquished.

Grand Total: 319 creatures vanquished

Notes
Turn   | Place    | Note
-------+----------+-------------------------------------------
     0 | D:1      | Ijustatesigmund the Gargoyle Fighter began the quest for
                  | the Orb.
     0 | D:1      | Reached XP level 1. HP: 14/14 MP: 1/1
   157 | D:1      | Reached XP level 2. HP: 19/19 MP: 2/2
   603 | D:1      | Reached XP level 3. HP: 22/23 MP: 3/3
   979 | D:2      | Found a faded altar of an unknown god.
  1550 | D:2      | Reached XP level 4. HP: 29/29 MP: 4/4
  2189 | D:3      | Reached skill level 4 in Fighting
  2402 | D:3      | Found a glowing drain.
  2406 | Sewer    | Entered a sewer
  2504 | Sewer    | Reached XP level 5. HP: 24/33 MP: 5/5
  3326 | Sewer    | Reached XP level 6. HP: 35/39 MP: 6/6
  3540 | D:3      | Reached skill level 5 in Armour
  4145 | D:4      | Found a stormy altar of Qazlal.
  4222 | D:4      | Reached skill level 1 in Evocations
  4565 | D:4      | Found Bybin's Assorted Antiques.
  4574 | D:4      | Bought a scroll labelled YGGOVEL ROUT for 27 gold pieces
  4574 | D:4      | Bought a scroll labelled YGGOVEL ROUT for 27 gold pieces
  4574 | D:4      | Bought a scroll labelled RIULUICET for 27 gold pieces
  4574 | D:4      | Bought a scroll labelled EPRINW YSELAH for 27 gold pieces
  4649 | D:4      | Found a blossoming altar of Fedhas.
  4764 | D:4      | Reached XP level 7. HP: 44/44 MP: 7/7
  4807 | D:5      | Entered Level 5 of the Dungeon
  4825 | D:5      | Noticed Prince Ribbit
  4839 | D:5      | Reached skill level 5 in Maces & Flails
  5025 | D:5      | Killed Prince Ribbit
  5145 | D:5      | Reached skill level 5 in Fighting
  5145 | D:5      | Reached XP level 8. HP: 33/49 MP: 8/8
  5544 | D:5      | Reached skill level 6 in Fighting
  6093 | D:6      | Reached XP level 9. HP: 56/56 MP: 9/9
  6456 | D:6      | Reached skill level 7 in Fighting
  6477 | D:6      | Found a staircase to the Ecumenical Temple.
  6527 | Temple   | Entered the Ecumenical Temple
  6778 | Temple   | Became a worshipper of Kikubaaqudgha
  8045 | D:7      | Reached skill level 8 in Fighting
  8076 | D:7      | Noticed a komodo dragon
  8090 | D:7      | Killed a komodo dragon
  8488 | D:7      | Reached * piety under Kikubaaqudgha
  8488 | D:7      | Received a gift from Kikubaaqudgha
  8489 | D:7      | Reached skill level 1 in Invocations
  8489 | D:7      | Reached XP level 10. HP: 52/64 MP: 9/11
  9601 | D:8      | Reached skill level 9 in Fighting
  9766 | D:8      | Noticed Maggie
  9799 | D:8      | Killed Maggie
  9800 | D:8      | Reached skill level 10 in Fighting
 10235 | D:8      | Learned a level 1 spell: Animate Skeleton
 10314 | D:9      | Found a runed translucent door.
 10315 | D:9      | Found a shimmering altar of Xom.
 10315 | D:9      | Noticed Stonecrops's ghost (novice DsGl)
 10315 | D:9      | Noticed a +1 rapier of chaos
 10317 | D:9      | Found a burning altar of Makhleb.
 10317 | D:9      | Noticed a cacodemon
 10320 | D:9      | Noticed a smoke demon
 10426 | D:9      | Found a shimmering blue altar of Sif Muna.
 10472 | D:9      | Noticed a kobold demonologist
 10485 | D:9      | Killed a kobold demonologist
 10486 | D:9      | Reached skill level 1 in Axes
 10486 | D:9      | Reached skill level 1 in Necromancy
 11046 | D:9      | Reached ** piety under Kikubaaqudgha
 11311 | D:9      | Identified a scroll of acquirement
 11311 | D:9      | Acquired 571 gold pieces
 11408 | D:9      | Reached XP level 11. HP: 68/72 MP: 13/13
 11709 | D:10     | Entered Level 10 of the Dungeon
 12440 | D:10     | Found a white marble altar of Elyvilon.
 12707 | D:10     | Noticed a white ugly thing
 12988 | D:10     | Reached skill level 1 in Dodging
 13283 | D:10     | Killed a white ugly thing
 13543 | D:10     | Learned a level 5 spell: Borgnjor's Vile Clutch
 13544 | D:10     | Found a shimmering altar of Xom.
 13544 | D:10     | Found a shimmering altar of Xom.
 13544 | D:10     | Found a shimmering altar of Xom.
 13545 | D:10     | Found a shimmering altar of Xom.
 13548 | D:10     | Found a shimmering altar of Xom.
 13816 | D:10     | Found a staircase to the Lair.
 14005 | D:11     | Reached skill level 1 in Earth Magic
 14068 | D:11     | Noticed a skeletal warrior
 14100 | D:11     | Noticed a skeletal warrior
 14101 | D:11     | Noticed a skeletal warrior
 14101 | D:11     | Noticed a skeletal warrior
 14119 | D:11     | Killed a skeletal warrior
 14136 | D:11     | Killed a skeletal warrior
 14137 | D:11     | Reached skill level 5 in Necromancy
 14161 | D:11     | Killed a skeletal warrior
 14162 | D:11     | Reached skill level 5 in Shields
 14178 | D:11     | Mangled by a wyvern

Illustrated notes

Levels and vault maps discovered:
D:1:      eino_arrival_cavern_e, layout_loops_cross
D:2:      layout_loops_corners, basic_ecumenical_altar, st_stairs_5
D:3:      layout_basic, gup_sewer_entry_spiral
D:4:      layout_rooms, grunt_qazlal_sundering, fedhas_altar_2, serial_shops,
          nicolae_lakefront_shop, solitary_fountain
D:5:      layout_rooms, uniq_prince_ribbit1
D:6:      layout_basic, minmay_temple_entry_hall
D:7:      nicolae_cairo_tiling_large_dashed, layout_layer_cave,
          minmay_stone_trees_medium, minmay_misc_feat_four_crosses, st_stairs_9
D:8:      layout_basic, chequers_serial_rivers_micro_a, uniq_maggie
D:9:      layout_roguey, makhleb_altar_promises_db,
          nicolae_sif_muna_condensation, ebering_ghost_xom, hive_lemuel
D:10:     layout_stronghold, nicolae_elyvilon_temple_path, xom_redecorated,
          minmay_lair_entry_grove, kennysheep_generic_room_6
D:11:     layout_loops_corners, onia_ninara_dug_in_and_dangerous, uniq_maurice
Temple:   nicolae_temple_x_marks_the_god

Skill      XL: |  1  2  3  4  5  6  7  8  9 10 11 |
---------------+----------------------------------+-----
Maces & Flails | 3 4 6 7 8 9 |  9.3
Armour         | 4 5 6 8 |  8.4
Fighting       | 4 5 6 8 10 | 10.2
Evocations     | 1 3 |  3.6
Invocations    | 1 3 |  3.7
Axes           | 3 4 |  4.5
Necromancy     | 3 5 |  5.1
Dodging        | 2 |  2.6
Shields        | 5 |  5.0
Earth Magic    | 2 |  2.5

Action                   |  1- 3 |  4- 6 |  7- 9 | 10-12 || total
-------------------------+-------+-------+-------+-------++-------
Melee: Flail             |   115 |   369 |   284 |   652 ||  1420
Throw: Javelin           |       |     3 |    10 |     4 ||    17
 Cast: Animate Skeleton  |       |       |       |     5 ||     5
Invok: Receive Corpses   |       |       |       |     5 ||     5
Evoke: Wand              |       |       |    10 |       ||    10
  Use: Scroll            |       |     8 |     2 |     6 ||    16
       Potion            |       |       |     1 |     5 ||     6
Armor: Scale mail        |    61 |   139 |       |       ||   200
       Chain mail        |       |    50 |   186 |   558 ||   794
Dodge: Dodged            |    50 |   199 |   123 |   297 ||   669
Block: Buckler           |    27 |    70 |    51 |   115 ||   263

Table legend: (Time is in decaauts)
 A = Elapsed time spent in this place.
 B = Non-inter-level travel time spent in this place.
 C = Inter-level travel time spent in this place.
 D = Time resting spent in this place.
 E = Time spent auto-exploring this place.
 F = Levels seen in this place.
 G = Mean time per level.
                   A        B        C        D        E       F      G
               +--------+--------+--------+--------+--------+-----+--------+
         Total |  14410 |  14058 |    352 |   3287 |   7847 |  13 | 1108.5 |
       Dungeon |  13153 |  12823 |    330 |   2756 |   7585 |  11 | 1195.7 |
        Temple |     70 |     49 |     21 |      0 |     40 |   1 |   70.0 |
         Sewer |   1187 |   1187 |      0 |    531 |    222 |   1 | 1187.0 |
               +--------+--------+--------+--------+--------+-----+--------+

Top non-repeatable levels by time:
    D:10: 1913 daAuts
     D:9: 1792 daAuts
     D:7: 1680 daAuts
     D:6: 1386 daAuts
   Sewer: 1187 daAuts
     D:2: 1089 daAuts
     D:3: 1087 daAuts
     D:5: 1058 daAuts
     D:8: 1024 daAuts
     D:4: 990 daAuts
     D:1: 918 daAuts
    D:11: 212 daAuts
  Temple: 70 daAuts
